 Dungeon Crawl Stone Soup version 0.24-a0-317-g5cb8de4 (webtiles) character file.

Game seed: 11658413477063664388

19204 Alphaeus the Epochal (level 12, -5/111 HPs)
             Began as a Troll Transmuter on May 17, 2019.
             Was an Elder of Cheibriados.
             Slain by a spiny frog (13 damage)
             ... on level 4 of the Lair of Beasts.
             The game lasted 00:28:36 (13034 turns).

Alphaeus the Epochal (Troll Transmuter)            Turns: 13034, Time: 00:28:37

Health: -5/111     AC: 15    Str: 30    XL:     12   Next: 34%
Magic:  0/17       EV: 16    Int: 22    God:    Cheibriados [****..]
Gold:   791        SH:  0    Dex: 19    Spells: 10/19 levels left

rFire    . . .     SeeInvis .     - Unarmed
rCold    . . .     Gourm    +   (no shield)
rNeg     . . .     Faith    .   I - +0 troll leather armour
rPois    .         Spirit   +   Q - +2 hat
rElec    .         Reflect  .   (no cloak)
rCorr    .         Harm     .   (gloves unavailable)
MR       .....                  (boots unavailable)
Stlth    +.........             C - amulet of guardian spirit
HPRegen  1.08/turn              t - +3 ring of evasion
MPRegen  0.15/turn              y - +5 ring of protection

@: lethally poisoned (-5 -> -5), very slightly contaminated, invisible, very
slow
A: large, unfitting armour, claws 3, fast metabolism 3, gourmand, regeneration
1, shaggy fur 1, tough skin 3
a: Bend Time, Temporal Distortion, Slouch, Renounce Religion


You were on level 4 of the Lair of Beasts.
You worshipped Cheibriados.
Cheibriados was greatly pleased with you.
You were very full.

You visited 3 branches of the dungeon, and saw 16 of its levels.

You collected 791 gold pieces.

Inventory:

Hand Weapons
 r - the +2 Maxwell's thermic engine {flame, freeze}
   (You found it on level 4 of the Dungeon)

   It has been specially enchanted to burn those struck by it, causing extra
   injury to most foes and up to half again as much damage against particularly
   susceptible opponents.
   Big, fiery blades are also staple armaments of hydra-hunters.
   It has been specially enchanted to freeze those struck by it, causing extra
   injury to most foes and up to half again as much damage against particularly
   susceptible opponents.
Missiles
 a - 312 arrows
 o - 34 poisoned darts (quivered)
 q - 4 large rocks
 O - 2 curare-tipped darts
 P - 2 atropa-tipped darts
Armour
 b - a +1 robe
 I - a +0 troll leather armour (worn)
 Q - a +2 hat (worn)
Jewellery
 j - an uncursed ring of see invisible
 k - an uncursed ring of protection from fire
 m - an uncursed amulet of magic regeneration
 t - a +3 ring of evasion (left claw)
 y - a +5 ring of protection (right claw)
 C - an amulet of guardian spirit (around neck)
 G - an uncursed ring of magical power
 M - a +6 amulet of reflection {unknown}
Wands
 v - a wand of acid (8)
 H - a wand of iceblast (22)
 N - a wand of polymorph (9)
Scrolls
 c - 4 scrolls of teleportation
 g - 12 scrolls of identify
 i - 3 scrolls of enchant armour
 l - 6 scrolls of remove curse
 n - a scroll of blinking
 w - a scroll of fog
 x - a scroll of magic mapping
 z - a scroll of fear
 F - a scroll of immolation
 J - 2 scrolls of summoning {unknown}
 K - 2 scrolls of noise {unknown}
 L - 2 scrolls of enchant weapon {unknown}
 R - a scroll of silence {unknown}
Potions
 e - a potion of lignification
 f - a potion of berserk rage {unknown}
 h - a potion of flight {unknown}
 p - 3 potions of ambrosia
 s - 2 potions of magic {unknown}
 A - 2 potions of resistance {unknown}
 D - a potion of mutation {unknown}
 E - a potion of might {unknown}
Comestibles
 d - 24 rations


   Skills:
 - Level 5.4 Fighting
 - Level 5.4 Armour
 - Level 5.6 Dodging
 - Level 7.1 Unarmed Combat
 - Level 4.2 Spellcasting
 - Level 7.2 Transmutations
 * Level 7.4 Earth Magic
 * Level 7.4 Invocations


You had 10 spell levels left.
You knew the following spells:

 Your Spells              Type           Power        Failure   Level  Hunger
a - Beastly Appendage     Tmut           #####.       1%          1    None
b - Sticks to Snakes      Tmut           #####...     1%          2    #......
c - Statue Form           Tmut/Erth      #####....    65%         6    #######

Your spell library contained the following spells:

 Spells                   Type           Power        Failure   Level  Hunger
 Petrify                  Tmut/Erth      #####...     6%          4    ####...
 Spider Form              Tmut/Pois      ###.......   9%          3    ##.....
 Confusing Touch          Hex            #.....       12%         1    None
 Freeze                   Ice            #...         12%         1    None
 Infusion                 Chrm           #...         12%         1    None
 Blade Hands              Tmut           #####.....   17%         5    ######.
 Shroud of Golubria       Chrm/Tloc      #.........   19%         2    #......
 Song of Slaying          Chrm           #.......     19%         2    #......
 Throw Frost              Conj/Ice       #.....       19%         2    #......
 Ice Form                 Ice/Tmut       ###.....     26%         4    ####...
 Confuse                  Hex            #.......     36%         3    ##.....
 Gell's Gravitas          Tloc           #.........   36%         3    ##.....
 Ozocubu's Armour         Chrm/Ice       #.......     36%         3    ##.....
 Regeneration             Chrm/Necr      #.........   36%         3    ##.....
 Spectral Weapon          Hex/Chrm       #.......     36%         3    ##.....
 Irradiate                Conj/Tmut      ###.......   58%         5    ######.
 Yara's Violent Unravell  Hex/Tmut       ###.......   58%         5    ######.
 Hydra Form               Tmut           #####.....   67%         6    #######
 Summon Ice Beast         Ice/Summ       #.......     77%         4    ####...
 Throw Icicle             Conj/Ice       #.......     77%         4    ####...
 Metabolic Englaciation   Hex/Ice        #.........   98%         5    ######.
 Dragon Form              Tmut           #####.....   99%         7    #######


Dungeon Overview and Level Annotations

Branches:
Dungeon (11/15)            Temple (1/1) D:5            Lair (4/6) D:10
 Shoals (0/4) Lair:2        Snake (0/4) Lair:3          Orc (0/2) D:10

Altars:
Ashenzari
Cheibriados
Dithmenos
Elyvilon
Fedhas
Gozag
Hepliaklqana
Kikubaaqudgha
Makhleb
Nemelex Xobeh
Okawaru
Qazlal
Ru
Sif Muna
Trog
Uskayaw
Vehumet
Wu Jian
Xom
Yredelemnul
Zin
The Shining One

Annotations:
D:9 3 runed translucent doors
D:10 1 runed translucent door, mirrormirror's ghost, journeyman SpAs


Innate Abilities, Weirdness & Mutations

You are too large for most types of armour.
You have claws for hands.
Your metabolism is lightning-fast.
You like to eat raw meat.
Your natural rate of healing is unusually fast.
You are covered in fur. (AC +1)
You have extremely tough skin. (AC +3)


Message History

You feel sick. The spiny frog misses you. The spiny frog closely misses you.
You feel sick. The spiny frog closely misses you.
You feel sick. The spiny frog barely misses you.
You feel sick. The spiny frog stings you!
* * * LOW HITPOINT WARNING * * *
You feel sick. The spiny frog closely misses you.
The spiny frog barely misses you.
You feel sick. The spiny frog completely misses you.
The spiny frog closely misses you.
You feel sick. The spiny frog closely misses you.
You feel sick. The spiny frog completely misses you.
The spiny frog closely misses you.
You scratch the spiny frog but do no damage.
The spiny frog is severely wounded.
The spiny frog misses you.
The spiny frog stings you but does no damage.
You barely miss the spiny frog.
The spiny frog is severely wounded.
You feel sick. The spiny frog stings you!
You die...

#..# #..#......... ##..#
#...P.......# ####P.##
#........# .. #.#....<#
##..P.....#...
##......#### #...P......#
...........###...#....P##
#.....####..###.......##
###..# #..###.....#.# #.P
#...@F.......# #.#
#.###F#P.....# .. ###
####..P..# #. ##.#..#
......# .....P# ..#### ..


You could see 2 spiny frogs.

Vanquished Creatures
  Gastronok (Lair:2)
  2 hydras
  A queen ant (Lair:2)
  3 black mambas
  Psyche (D:8)
  2 spiny frogs
  3 komodo dragons (Lair:2)
  A troll (D:9)
  A merfolk (Lair:2)
  10 blink frogs
  A hippogriff (Lair:3)
  A vampire (D:9)
  A spriggan (D:7)
  19 yaks
  A hungry ghost (D:7)
  4 nagas
  5 soldier ants (Lair:2)
  4 water moccasins
  2 porcupines
  2 orc warriors
  An ice beast (D:10)
  2 sky beasts
  A phantom (D:9)
  5 ogres
  6 centaurs
  7 wolves
  5 crocodiles
  13 bullfrogs
  6 scorpions
  5 killer bees (D:9)
  7 wights
  2 howler monkeys
  3 electric eels
  6 crimson imps
  A quasit (D:7)
  9 hounds
  3 jellies
  5 orc priests
  6 orc wizards
  A bullfrog skeleton (D:7)
  A centaur skeleton (D:4)
  An iguana (D:9)
  21 worker ants
  A hound zombie (D:6)
  A worker ant zombie (D:6)
  11 gnolls
  11 adders
  A shadow imp (D:5)
  5 worms
  2 adder skeletons
  A dart slug (D:2)
  3 leopard geckos
  20 orcs
  4 giant cockroaches
  6 goblins
  10 hobgoblins
  19 jackals
  8 kobolds
  3 quokkas
  2 ball pythons
  4 bats
  6 frilled lizards
  4 quokka skeletons
  8 rats
  A fungus (Lair:4)
  A plant (D:2)
314 creatures vanquished.

Vanquished Creatures (others)
  6 fungi
6 creatures vanquished.

Grand Total: 320 creatures vanquished

Notes
Turn   | Place    | Note
-------+----------+-------------------------------------------
     0 | D:1      | Alphaeus the Troll Transmuter began the quest for the Orb.
     0 | D:1      | Reached XP level 1. HP: 18/18 MP: 1/1
   197 | D:1      | Reached XP level 2. HP: 26/26 MP: 3/3
   684 | D:1      | Reached skill level 1 in Fighting
   755 | D:1      | Reached XP level 3. HP: 33/33 MP: 4/4
  1206 | D:2      | Found an iron altar of Okawaru.
  1239 | D:2      | Found a stormy altar of Qazlal.
  1241 | D:2      | Reached skill level 1 in Armour
  1260 | D:2      | Found a blossoming altar of Fedhas.
  1410 | D:2      | Reached XP level 4. HP: 40/41 MP: 5/5
  1850 | D:3      | Reached XP level 5. HP: 48/48 MP: 6/6
  1967 | D:3      | Found a faded altar of an unknown god.
  1986 | D:3      | HP: 2/48 [gnoll/+0 spear (1)]
  2544 | D:4      | Noticed an ogre
  2548 | D:4      | Killed an ogre
  2548 | D:4      | Reached XP level 6. HP: 57/57 MP: 7/7
  2823 | D:4      | Reached XP level 7. HP: 49/65 MP: 9/9
  3200 | D:4      | Found the +2 Maxwell's thermic engine {flame, freeze}
  3286 | D:5      | Entered Level 5 of the Dungeon
  3636 | D:6      | Reached XP level 8. HP: 31/74 MP: 10/10
  4283 | D:7      | Found a basalt altar of Yredelemnul.
  4387 | D:7      | Reached skill level 5 in Unarmed Combat
  4607 | D:7      | Reached skill level 5 in Transmutations
  4607 | D:7      | Reached XP level 9. HP: 83/83 MP: 12/12
  5072 | D:8      | Found a stormy altar of Qazlal.
  5074 | D:8      | Noticed Psyche
  5081 | D:8      | You fall through a shaft!
  5121 | D:9      | Found a runed translucent gate.
  5121 | D:9      | Noticed a purple ugly thing
  5122 | D:9      | Noticed a brown ugly thing
  5122 | D:9      | Noticed a purple ugly thing
  5123 | D:9      | Found a runed translucent gate.
  5123 | D:9      | Found a runed translucent gate.
  5123 | D:9      | Noticed a brown ugly thing
  5123 | D:9      | Noticed a cyan ugly thing
  5280 | D:7      | Found a sparkling altar of Nemelex Xobeh.
  5280 | D:7      | Found a hide-covered altar of Uskayaw.
  5376 | D:8      | Killed Psyche
  5534 | D:8      | Reached XP level 10. HP: 58/94 MP: 14/14
  6283 | D:5      | Learned a level 2 spell: Sticks to Snakes
  6529 | D:5      | Found a staircase to the Ecumenical Temple.
  6555 | Temple   | Entered the Ecumenical Temple
  6709 | Temple   | Became a worshipper of Cheibriados the Contemplative
  7270 | D:9      | Reached * piety under Cheibriados
  7413 | D:9      | Reached skill level 5 in Dodging
  7935 | D:10     | Entered Level 10 of the Dungeon
  7972 | D:10     | Noticed a two-headed ogre
  8579 | D:10     | Found a staircase to the Lair.
  8716 | D:10     | Reached skill level 5 in Armour
  8732 | D:10     | Found a staircase to the Orcish Mines.
  8742 | D:10     | Found a runed translucent door.
  8745 | D:10     | Noticed an orc high priest
  8750 | D:10     | Noticed mirrormirror's ghost (journeyman SpAs)
  8754 | D:10     | Reached skill level 5 in Fighting
  8853 | D:10     | Reached ** piety under Cheibriados
  9159 | D:11     | Noticed a death knight
  9159 | D:11     | Noticed a skeletal warrior
  9193 | Lair:1   | Entered Level 1 of the Lair of Beasts
  9201 | Lair:1   | Noticed a black mamba
  9209 | Lair:1   | Killed a black mamba
  9365 | Lair:1   | Noticed a seven-headed hydra
  9371 | Lair:1   | Killed an eight-headed hydra
  9454 | Lair:1   | You fall through a shaft!
  9468 | Lair:2   | Reached XP level 11. HP: 104/104 MP: 16/16
  9870 | Lair:1   | Learned a level 6 spell: Statue Form
 10274 | Lair:1   | Reached skill level 1 in Earth Magic
 10274 | Lair:1   | Reached skill level 1 in Invocations
 10520 | Lair:2   | Reached *** piety under Cheibriados
 10767 | Lair:2   | Noticed a queen ant
 10778 | Lair:2   | Killed a queen ant
 11444 | Lair:2   | Found a staircase to the Shoals.
 11713 | Lair:3   | Reached skill level 5 in Earth Magic
 11713 | Lair:3   | Reached skill level 5 in Invocations
 11764 | Lair:3   | Reached **** piety under Cheibriados
 12083 | Lair:3   | Reached XP level 12. HP: 32/111 MP: 5/17
 12237 | Lair:3   | Noticed Gastronok
 12272 | Lair:2   | Killed Gastronok
 12465 | Lair:3   | Found a staircase to the Snake Pit.
 12955 | Lair:4   | Noticed a five-headed hydra
 12963 | Lair:4   | Killed a six-headed hydra
 13028 | Lair:4   | HP: 4/111 [spiny frog (11)]
 13034 | Lair:4   | Slain by a spiny frog

Levels and vault maps discovered:
D:1:      evilmike_arrival_rings, layout_basic
D:2:      layout_basic, grunt_temple_overflow_forces_of_nature,
          kennysheep_okawaru_gauntlet, grunt_ministairs_4
D:3:      layout_loops_ring, chequers_ecumenical_altar_simple_redux,
          first_ration
D:4:      layout_basic, minmay_curled_crystal
D:5:      layout_basic, minmay_temple_entry_glassed_door,
          chequers_serial_rivers_small_b, fountainhead
D:6:      layout_cave_pools, nrook_campfire
D:7:      layout_gridville, old_standard_altar, nicolae_overflow_hidden_temple,
          the_bakery, minmay_checkerbox
D:8:      layout_rooms, nicolae_qazlal_style_of_elements, uniq_psyche
D:9:      layout_roguey, ploomutoo_gammafunk_ghost_potion_laboratory
D:10:     layout_cave_pools, erik_lair_island, orc_0_dummy,
          ebering_ghost_inner_flame
D:11:     layout_loops_cross, basic_altar, nicolae_ru_the_path_less_chosen
Temple:   regret_index_temple_sphere_string
Lair:1:   layout_small_grid
Lair:2:   layout_regular_city, elwin_shoals_entry_rooms, wad_woods_antlair,
          grunt_megastairs_5
Lair:3:   layout_regular_city, minmay_snake_entry_guardpost_small,
          serial_bayou_crossing, uniq_gastronok
Lair:4:   layout_loops_ring, chequers_serial_rivers_marsh, grunt_megastairs_3,
          serial_bayou_shore_a

Skill      XL: |  1  2  3  4  5  6  7  8  9 10 11 12 |
---------------+-------------------------------------+-----
Fighting       | 1 2 3 4 5 |  5.4
Transmutations | 2 3 4 5 6 7 |  7.2
Armour         | 1 2 3 4 5 |  5.4
Dodging        | 2 3 4 5 |  5.6
Spellcasting   | 2 3 4 |  4.2
Unarmed Combat | 4 5 6 7 |  7.1
Earth Magic    | 6 7 |  7.4
Invocations    | 6 7 |  7.4

Action                   |  1- 3 |  4- 6 |  7- 9 | 10-12 || total
-------------------------+-------+-------+-------+-------++-------
Melee: Unarmed           |   114 |   169 |   336 |   707 ||  1326
       Punch             |     4 |     2 |     3 |    25 ||    34
       Double sword      |       |       |    25 |       ||    25
Throw: Dart              |       |       |    13 |    12 ||    25
Invok: Slouch            |       |       |       |     2 ||     2
Evoke: Wand              |       |       |       |    10 ||    10
  Use: Scroll            |     5 |     1 |     5 |    10 ||    21
       Potion            |       |     2 |     5 |    10 ||    17
 Stab: Sleeping          |     1 |     1 |       |     2 ||     4
  Eat: Chunk             |    17 |    14 |    32 |    51 ||   114
Armor: Robe              |    39 |    53 |   134 |   123 ||   349
       Troll leather arm |       |       |       |   156 ||   156
Dodge: Dodged            |    69 |    80 |   230 |   719 ||  1098
       Rpst.: Double sword |       |       |     8 |       ||     8

Table legend:
 A = Non-vault XP
 B = Vault XP
 C = Vault XP percentage of total XP
 D = Non-vault monster count
 E = Vault monster count
 F = Vault count percentage of total count
                 A         B        C        D         E       F
            +---------+---------+-------+---------+---------+-------
      Total |   19489 |    7946 |  29.0 |     272 |      40 |  12.8
            +---------+---------+-------+---------+---------+-------
        D:1 |      41 |       0 |   0.0 |      24 |       0 |   0.0
        D:2 |      86 |      60 |  41.1 |      25 |       5 |  16.7
        D:3 |      59 |       0 |   0.0 |      12 |       0 |   0.0
        D:4 |     765 |       0 |   0.0 |      30 |       0 |   0.0
        D:5 |     613 |       0 |   0.0 |      24 |       0 |   0.0
        D:6 |     639 |       0 |   0.0 |      14 |       0 |   0.0
        D:7 |    1028 |     463 |  31.1 |      23 |       4 |  14.8
        D:8 |     494 |     424 |  46.2 |      17 |       1 |   5.6
        D:9 |    2874 |     617 |  17.7 |      38 |       5 |  11.6
       D:10 |     893 |       0 |   0.0 |      13 |       0 |   0.0
     Lair:1 |    2472 |    1027 |  29.4 |       9 |       4 |  30.8
     Lair:2 |    3074 |    4872 |  61.3 |      17 |      18 |  51.4
     Lair:3 |    4822 |     483 |   9.1 |      22 |       3 |  12.0
     Lair:4 |    1629 |       0 |   0.0 |       4 |       0 |   0.0
            +---------+---------+-------+---------+---------+-------
